 Dungeon Crawl Stone Soup version 0.22-a0-433-gd2a9cce (webtiles) character file.

45 DrEnzyme the Caller (level 3, 0/28 HPs)
             Began as a Gnoll Wanderer on May 27, 2018.
             Slain by a goblin
             ... wielding a +0 club
             ... led by Robin
              (5 damage)
             ... on level 2 of the Dungeon.
             The game lasted 00:05:38 (1870 turns).

DrEnzyme the Caller (Gnoll Wanderer)                Turns: 1870, Time: 00:05:39

Health: 0/28       AC:  4    Str: 17    XL:     3   Next: 64%
Magic:  4/4        EV: 11    Int: 11    God:
Gold:   112        SH:  0    Dex: 15    Spells: 2/3 levels left

rFire    . . .     SeeInvis .   a - +2 dagger
rCold    . . .     Gourm    .   (no shield)
rNeg     . . .     Faith    .   r - +0 leather armour
rPois    .         Spirit   .   (no helmet)
rElec    .         Reflect  .   (no cloak)
rCorr    .         Harm     .   s - +0 pair of gloves
MR       .....                  (no boots)
Stlth    +++.......             (no amulet)
HPRegen  0.09/turn              (no ring)
MPRegen  0.09/turn              (no ring)

@: berserk cooldown, slowed, very slow
A: distributed training, fangs 1, strong nose
a: no special abilities


You were on level 2 of the Dungeon.
You were not hungry.

You visited 1 branch of the dungeon, and saw 2 of its levels.

You collected 112 gold pieces.

Inventory:

Hand Weapons
 a - a +2 dagger (weapon)
 b - a +0 hunting sling
 n - a +0 dagger of protection
Missiles
 c - 103 stones (quivered)
 l - 3 javelins
Armour
 e - a +0 robe
 r - a +0 leather armour (worn)
 s - a +0 pair of gloves (worn)
Jewellery
 p - an uncursed ring of stealth {unknown}
Scrolls
 g - 2 scrolls of amnesia {unknown}
 j - a scroll of teleportation {unknown}
 m - a scroll of remove curse {unknown}
 o - a scroll of random uselessness {unknown}
 u - a scroll of enchant armour {unknown}
Potions
 d - 2 potions of curing
 i - a potion of brilliance {unknown}
 k - 2 potions of resistance {unknown}
 t - a potion of ambrosia {unknown}
Comestibles
 f - 10 rations
 q - 3 chunks of flesh


   Skills:
 + Level 2.6 Fighting
 + Level 0.8 Short Blades
 + Level 0.8 Long Blades
 + Level 0.8 Axes
 + Level 0.8 Maces & Flails
 + Level 0.8 Polearms
 + Level 0.8 Staves
 + Level 0.8 Slings
 + Level 0.8 Bows
 + Level 0.8 Crossbows
 + Level 0.8 Throwing
 + Level 0.8 Armour
 + Level 0.8 Dodging
 + Level 6.0 Stealth
 + Level 2.6 Shields
 + Level 0.8 Unarmed Combat
 + Level 0.8 Spellcasting
 + Level 0.5 Conjurations
 + Level 0.5 Hexes
 + Level 0.5 Charms
 + Level 7.1 Summonings
 + Level 2.1 Necromancy
 + Level 0.5 Translocations
 + Level 0.5 Transmutations
 + Level 0.5 Fire Magic
 + Level 0.5 Ice Magic
 + Level 0.5 Air Magic
 + Level 0.5 Earth Magic
 + Level 0.5 Poison Magic
 + Level 1.0 Invocations
 + Level 0.8 Evocations


You had 2 spell levels left.
You knew the following spells:

 Your Spells              Type           Power        Failure   Level  Hunger
a - Shock                 Conj/Air       #...         30%         1    ##.....

Your spell library contained the following spells:

 Spells                   Type           Power        Failure   Level  Hunger
 Mephitic Cloud           Conj/Pois/Air  #.......     67%         3    ####...


Dungeon Overview and Level Annotations

Branches:
Dungeon (2/15)

Altars:

Annotations:
D:2 Robin


Innate Abilities, Weirdness & Mutations

Your experience applies equally to all skills.
You have very sharp teeth.
Your uncanny sense of smell can sniff out nearby items.


Message History

You hit the goblin.
You kill the goblin!
Robin throws the goblin at you! The goblin barely misses you.
The goblin closely misses you. The goblin barely misses you.
You closely miss the goblin.
The hobgoblin no longer looks unusually strong.
The goblin closely misses you. The goblin hits you but does no damage.
The goblin hits you with a club.
* * * LOW HITPOINT WARNING * * *
You hit the goblin.
The goblin is heavily wounded.
Robin roars a battlecry!
The hobgoblin goes into a battle-frenzy!
The goblin completely misses you. The goblin barely misses you.
The goblin misses you.
You closely miss the goblin.
The goblin is heavily wounded.
The goblin no longer looks unusually strong. x2
The goblin hits you with a club.
You die...

#........###.........####...#.
...........+.........†..gg....
#.###....###........g#.#......
#.##...#.# #......>#.## g....
#.##.###.# ##..gg.###g# #...
#........# ##ggg## #.# ..
####.##### ##g## .# . #.# #g#
# ####.#### #@# #.......#
#####g##
#.##.##.####......#####.#
#.##.........)..........#
#.##......##......#######
#÷###.#.#.###.##.## #.#
#.#.#.....##.#
#.###.#.#####.##.# #.......#
#.##.#


You could see 2 hobgoblins and 6 goblins.

Vanquished Creatures
  An ooze (D:1)
  3 worms (D:2)
  A giant cockroach (D:1)
  7 goblins
  2 hobgoblins
  A quokka (D:2)
  7 bats
  A frilled lizard (D:2)
  4 kobolds
  6 rats (D:1)
33 creatures vanquished.

Notes
Turn   | Place    | Note
-------+----------+-------------------------------------------
     0 | D:1      | DrEnzyme the Gnoll Wanderer began the quest for the Orb.
     0 | D:1      | DrEnzyme set off with: a +2 dagger, a potion of berserk rage, a potion of curing, a +0 robe, a ration
     0 | D:1      | Reached XP level 1. HP: 17/17 MP: 1/1
   493 | D:1      | Reached XP level 2. HP: 23/23 MP: 2/2
   501 | D:1      | Learned a level 1 spell: Shock
  1155 | D:2      | Reached XP level 3. HP: 28/28 MP: 3/3
  1719 | D:2      | Reached skill level 1 in Invocations
  1844 | D:2      | Noticed Robin
  1870 | D:2      | Slain by a goblin

Vault maps used:
D:1:      minmay_arrival_cross, st_stairs_7, minmay_stone_trees_medium
D:2:      grunt_decor_one_mirror, uniq_robin

Skill      XL: |  1  2  3 |
---------------+----------+-----
Necromancy     | 2 |  2.1
Stealth        | 6 |  6.0
Invocations    | 1 |  1.0
Fighting       | |  2.6
Short Blades   | |  0.8
Long Blades    | |  0.8
Axes           | |  0.8
Maces & Flails | |  0.8
Polearms       | |  0.8
Staves         | |  0.8
Slings         | |  0.8
Bows           | |  0.8
Crossbows      | |  0.8
Throwing       | |  0.8
Armour         | |  0.8
Dodging        | |  0.8
Shields        | |  2.6
Unarmed Combat | |  0.8
Spellcasting   | |  0.8
Conjurations   | |  0.5
Hexes          | |  0.5
Charms         | |  0.5
Summonings     | |  7.1
Translocations | |  0.5
Transmutations | |  0.5
Fire Magic     | |  0.5
Ice Magic      | |  0.5
Air Magic      | |  0.5
Earth Magic    | |  0.5
Poison Magic   | |  0.5
Evocations     | |  0.8

Action                   || total
-------------------------++-------
Melee: Dagger            ||    47
       Bite              ||     2
 Fire: Hunting sling     ||    42
Throw: Stone             ||    10
 Cast: Shock             ||     5
  Use: Potion            ||     1
 Stab: Sleeping          ||     3
  Eat: Chunk             ||     3
Armor: Robe              ||     2
       Leather armour    ||     8
Dodge: Dodged            ||    35

Table legend:
 A = Spawn XP
 B = Non-spawn XP
 C = Spawn XP percentage of total XP
 D = Spawn monster count
 E = Non-spawn monster count
 F = Spawn count percentage of total count
 G = Total turns spent on level
                    A         B        C        D         E        F      G
               +---------+---------+-------+---------+---------+-------+---------
         Total |       0 |      65 |   0.0 |       0 |      33 |   0.0 |  1870
               +---------+---------+-------+---------+---------+-------+---------
           D:1 |       0 |      25 |   0.0 |       0 |      15 |   0.0 |   992
           D:2 |       0 |      40 |   0.0 |       0 |      18 |   0.0 |   878
               +---------+---------+-------+---------+---------+-------+---------
